 Dungeon Crawl Stone Soup version 0.23.1 (webtiles) character file.

Game seed: 12685216880511526432

160 night the Insei (level 5, -3/41 HPs)
             Began as a Demonspawn Monk on Mar 17, 2019.
             Slain by a slave (4 damage)
             ... led by Pikel
             ... on level 6 of the Dungeon.
             The game lasted 00:05:43 (3636 turns).

night the Insei (Demonspawn Monk)                   Turns: 3636, Time: 00:05:45

Health: -3/41      AC:  5    Str:  9 (12) XL:     5   Next: 17%
Magic:  5/5        EV: 11    Int: 11 (12) God:
Gold:   142        SH:  0    Dex: 15 (17) Spells: 4/4 levels left

rFire    . . .     SeeInvis .     - Unarmed
rCold    . . .     Gourm    .   (no shield)
rNeg     . . .     Faith    .   k - +0 ring mail
rPois    .         Spirit   .   (no helmet)
rElec    .         Reflect  .   (no cloak)
rCorr    .         Harm     .   (no gloves)
MR       .....                  (no boots)
Stlth    ++........             (no amulet)
HPRegen  0.13/turn              h - ring of attention (curse)
MPRegen  0.09/turn              (no ring)

@: hasted, very quick
A: hooves 1, thin skeletal structure 1, nightstalker 1
a: no special abilities


You were on level 6 of the Dungeon.
You were not hungry.

You visited 1 branch of the dungeon, and saw 5 of its levels.

You collected 142 gold pieces.

Inventory:

Missiles
 j - 151 stones (quivered)
 q - 15 bolts
Armour
 a - a +0 robe
 k - a +0 ring mail (worn)
Jewellery
 h - a cursed ring of attention (left hand)
 o - a +6 ring of intelligence {unknown}
 p - an uncursed ring of see invisible {unknown}
Scrolls
 f - 3 scrolls of teleportation
 m - a scroll of remove curse {unknown}
Potions
 c - a potion of resistance {unknown}
 g - 3 potions of mutation
 i - a potion of invisibility {unknown}
 l - a potion of degeneration
 n - 3 potions of curing {unknown}
Comestibles
 b - 5 rations


   Skills:
 - Level 3.0 Fighting
 - Level 2.6 Dodging
 - Level 1.7 Stealth
 + Level 5.4 Unarmed Combat


You had 4 spell levels left.
You didn't know any spells.
Your spell library was empty.

Dungeon Overview and Level Annotations

Branches:
Dungeon (7/15)
 Temple: D:4-7

Altars:
Dithmenos

Annotations:
D:6 Pikel
D:7 Dowan


Innate Abilities, Weirdness & Mutations

You have large cloven feet.
You have a somewhat thin skeletal structure. (Dex +2, Stealth)
You are slightly more attuned to the shadows.


Message History

You hit Pikel. You kick Pikel, but do no damage. You punch Pikel.
Pikel is heavily wounded.
Pikel closely misses you. The slave barely misses you.
The slave closely misses you. The slave hits you.
* * * LOW HITPOINT WARNING * * *
You hit Pikel but do no damage. Your kick misses Pikel.
Pikel is heavily wounded.
Pikel closely misses you. The slave closely misses you.
The slave hits you but does no damage. The slave hits you.
* * * LOW HITPOINT WARNING * * *
You miss Pikel. You kick Pikel. Your punch misses Pikel.
Pikel is heavily wounded.
It was a potion of degeneration.
There was something very wrong with that liquid.
You feel weakened.
You feel dopey.
You feel clumsy. Pikel hits you but does no damage.
The slave hits you but does no damage. The slave hits you.
* * * LOW HITPOINT WARNING * * *
The slave hits you.
You die...

.##o.. .....
.....# ###
.... .....#
#...#...
.....# #..#..#
......
##....##...$#
#.!...pp....#(
#...pK@......
###..p##.#...
#..## .. .....
... ###... ..
#.:.. . #....


You could see Pikel and 4 slaves.

Vanquished Creatures
  A bullfrog zombie (D:6)
  An orc wizard (D:3)
  4 adders
  2 worms
  A dart slug (D:2)
  4 leopard geckos (D:1)
  4 orcs (D:3)
  A ball python (D:2)
  6 bats
  3 goblins (D:2)
  7 hobgoblins
  3 jackals (D:3)
  6 kobolds
  A quokka (D:2)
  3 frilled lizards
  4 rats
  A toadstool (D:1)
52 creatures vanquished.

Vanquished Creatures (others)
  3 toadstools (D:1)
3 creatures vanquished.

Grand Total: 55 creatures vanquished

Notes
Turn   | Place    | Note
-------+----------+-------------------------------------------
     0 | D:1      | night the Demonspawn Monk began the quest for the Orb.
     0 | D:1      | Reached XP level 1. HP: 18/18 MP: 1/1
    34 | D:1      | Reached skill level 3 in Unarmed Combat
   349 | D:1      | Gained mutation: You have a somewhat thin skeletal
                  | structure. (Dex +2, Stealth) [demonic ancestry]
   349 | D:1      | Reached XP level 2. HP: 9/24 MP: 2/2
  1613 | D:2      | Gained mutation: You have large cloven feet. [demonic
                  | ancestry]
  1613 | D:2      | Reached XP level 3. HP: 22/29 MP: 3/3
  1918 | D:2      | Reached skill level 4 in Unarmed Combat
  2376 | D:2      | Gained mutation: You are slightly more attuned to the
                  | shadows. [demonic ancestry]
  2376 | D:2      | Reached XP level 4. HP: 35/35 MP: 4/4
  2916 | D:3      | Reached skill level 5 in Unarmed Combat
  3440 | D:3      | You fall through a shaft for 3 floors!
  3455 | D:6      | Reached XP level 5. HP: 32/41 MP: 5/5
  3470 | D:6      | Noticed a crocodile
  3473 | D:6      | Noticed an orc warrior
  3593 | D:7      | Found a shadowy altar of Dithmenos.
  3593 | D:7      | Noticed Dowan
  3619 | D:6      | Noticed a slave
  3619 | D:6      | Noticed a slave
  3619 | D:6      | Noticed Pikel
  3619 | D:6      | Noticed a slave
  3619 | D:6      | Noticed a slave
  3636 | D:6      | HP: 1/41 [slave[Pikel] (4)]
  3636 | D:6      | Slain by a slave

Skill      XL: |  1  2  3  4 |
---------------+-------------+-----
Unarmed Combat | 3 4 5 |  5.4
Fighting       | |  3.0
Dodging        | |  2.6
Stealth        | |  1.7

Action                   |  1- 3 |  4- 6 || total
-------------------------+-------+-------++-------
Melee: Unarmed           |   149 |    96 ||   245
       Punch             |     1 |     4 ||     5
       Kick              |    14 |    30 ||    44
Throw: Stone             |     3 |     3 ||     6
  Use: Scroll            |     4 |       ||     4
       Potion            |       |     3 ||     3
 Stab: Sleeping          |     3 |     2 ||     5
       Distracted        |       |     1 ||     1
  Eat: Chunk             |     5 |     4 ||     9
Armor: Robe              |    11 |       ||    11
       Ring mail         |    10 |    35 ||    45
Dodge: Dodged            |    70 |    46 ||   116
